 Dungeon Crawl Stone Soup version 0.17-a0-2118-g63bad21 (webtiles) character file.

173 4thArraOfDagon the Chopper (level 5, -3/41 HPs)
             Began as a Demonspawn Gladiator on Oct 20, 2015.
             Was an Initiate of Ashenzari.
             Killed from afar by an orc wizard (7 damage)
             ... with a magic dart
             ... on level 5 of the Dungeon.
             The game lasted 00:03:10 (727 turns).

4thArraOfDagon the Chopper (Demonspawn Gladiator)    Turns: 727, Time: 00:03:11

Health: -3/41      AC:  6    Str: 15      XL:     5   Next: 28%
Magic:  5/5        EV: 12    Int:  8 (11) God:    Ashenzari [......]
Gold:   78         SH:  0    Dex: 13      Spells: 0 memorised, 4 levels left

rFire  . . .     SeeInvis .     a - +0 war axe
rCold  . . .     Clarity  .     m - +0 ring mail
rNeg   . . .     SustAt   .     (no shield)
rPois  .         Gourm    +     c - +0 helmet
rElec  .         Spirit   .     (no cloak)
rCorr  .         Warding  .     (no gloves)
rMut   .         Stasis   .     (no boots)
MR     .....                    b - amulet of the gourmand
Stlth  ..........               (no ring)
                                (no ring)

@: confused, not resistant to hostile enchantments, extremely unstealthy
A: rot immunity
a: Renounce Religion


You were on level 5 of the Dungeon.
You worshipped Ashenzari.
Ashenzari was noncommittal.
You were not hungry.

You visited 2 branches of the dungeon, and saw 6 of its levels.

You collected 78 gold pieces.

Inventory:

Hand Weapons
 a - a +0 war axe (weapon)
Missiles
 g - 3 steel tomahawks (quivered)
Armour
 c - a +0 helmet (worn)
 m - a +0 ring mail (worn)
Jewellery
 b - an amulet of the gourmand (around neck)
Scrolls
 f - a scroll of identify {unknown}
 h - a scroll of enchant armour {unknown}
 i - a scroll of fear {unknown}
 k - a scroll of immolation {unknown}
 l - a scroll of vulnerability {unknown}
Comestibles
 e - 2 bread rations
 j - a beef jerky


   Skills:
 + Level 3.1 Fighting
 * Level 4.1 Axes
 - Level 1.7 Throwing
 + Level 3.8 Dodging


You had 4 spell levels left.
You didn't know any spells.

Dungeon Overview and Level Annotations

Branches:
Dungeon (5/15)             Temple (1/1) D:5

Altars:
Ashenzari
Elyvilon
Gozag
Kikubaaqudgha
Makhleb
Nemelex Xobeh
Okawaru
Qazlal
Ru
Sif Muna
Trog
Vehumet
Yredelemnul
Zin


Innate Abilities, Weirdness & Mutations

You are immune to rotting.


Message History

Throwing (i - inventory. (,) - cycle):
d - a throwing net (quivered)
Press: ? - help, Shift-Dir - straight line, f/p - orc wizard
Aim: an orc wizard, wielding a dagger and wearing a robe (moderately wounded)
You throw a throwing net.
The throwing net closely misses the orc wizard.
The orc wizard casts a spell at you.
You are confused.
Unknown command.
The orc wizard closely misses you.
You closely miss the orc wizard.
The orc wizard is moderately wounded.
The orc wizard misses you.
You barely miss the orc wizard.
The orc wizard is moderately wounded.
The orc wizard barely misses you.
Unknown command.
You bump into the stone wall.
The orc wizard casts a spell at you. The magic dart hits you!
You die...

..#### ##.# ##.## .#
##########.## ##.####.#
#...........## #.....#.#
#.####..###.)###..###.#.#####.
#.####..# #.#†#.#.# #.........
#.##....# #.##.##.# #.####.##.
#.##.#.## #.......# #.### #
#.##.#.# ####.#### #...# .#
#......# #@# #.#.# .#
####.####### #o# #.#.##.#
#.........#...).# #......#
#.....###.#..(..# #......#
#......# #>....# #......#
#......##.#.....# #.#.##.#
#.........#..(..# #.#.# .#
######.########## #.#.# # #.#
#.#.##.#


You could see an orc wizard.

Vanquished Creatures
  An ogre (D:5)
  A giant frog skeleton (D:5)
  An orc wizard (D:3)
  2 gnolls (D:3)
  5 orcs
  A ball python (D:2)
  A goblin (D:3)
  3 jackals (D:5)
  A quokka (D:3)
  A giant newt (D:4)
  4 rats
21 creatures vanquished.

Notes
Turn   | Place    | Note
--------------------------------------------------------------
     0 | D:1      | 4thArraOfDagon the Demonspawn Gladiator began the quest for the Orb.
     0 | D:1      | Reached XP level 1. HP: 16/16 MP: 1/1
   224 | D:3      | Gained mutation: You are immune to rotting. [demonic ancestry]
   224 | D:3      | Reached XP level 2. HP: 22/22 MP: 2/2
   227 | D:3      | Reached skill level 3 in Dodging
   231 | D:3      | Noticed an orc wizard
   237 | D:3      | Killed an orc wizard
   237 | D:3      | Reached XP level 3. HP: 15/28 MP: 3/3
   389 | D:5      | Entered Level 5 of the Dungeon
   478 | D:5      | Found a staircase to the Ecumenical Temple.
   484 | Temple   | Entered the Ecumenical Temple
   568 | Temple   | Became a worshipper of Ashenzari the Shackled
   615 | D:5      | Reached XP level 4. HP: 6/34 MP: 4/4
   684 | D:5      | Noticed an ogre
   696 | D:5      | Killed an ogre
   696 | D:5      | Reached skill level 4 in Axes
   696 | D:5      | Reached XP level 5. HP: 12/41 MP: 5/5
   727 | D:5      | Killed from afar by an orc wizard

Vault maps used:
D:1:      lightli_arrival_flooded_house
D:2:      grunt_temple_overflow_open
D:3:      uniq_jessica
D:4:      first_bread, nicolae_ashenzari_panopticon
D:5:      old_standard_altar, nicolae_overflow_hidden_temple,
          minmay_temple_entry_enclosed_plants
Temple:   chambers_temple_14

Action                   |  1- 3 |  4- 6 || total
-------------------------+-------+-------++-------
Melee: War axe           |    40 |    20 ||    60
Throw: Tomahawk          |     6 |     6 ||    12
       Throwing net      |     1 |     3 ||     4
  Use: Potion            |       |     1 ||     1
 Stab: Held in net/web   |       |     2 ||     2
